 Dungeon Crawl Stone Soup version 0.26-a0-812-g31a745ddcd (webtiles) character file.

Game seed: 4869513987878920892

557 dmks the Conjurer (level 7, 0/41 HPs)
             Began as an Octopode Conjurer on Nov 14, 2020.
             Was an Initiate of Sif Muna.
             Slain by a centaur (7 damage)
             ... on level 5 of the Dungeon.
             The game lasted 00:13:07 (5531 turns).

dmks the Conjurer (Octopode Conjurer)               Turns: 5531, Time: 00:13:08

Health: 0/41       AC:  1    Str:  6    XL:     7   Next: 30%
Magic:  5/12       EV: 14    Int: 22    God:    Sif Muna [......]
Gold:   151        SH:  0    Dex: 11    Spells: 7/13 levels left

rFire    . . .     SeeInvis .   b - +0 dagger
rCold    . . .     Faith    .   (no shield)
rNeg     + . .     Spirit   .   (helmet restricted)
rPois    .         Reflect  .   u - amulet of the acrobat
rElec    .         Harm     .   n - ring of positive energy
rCorr    .         Rampage  .   l - ring of protection from magic
MR       +....                  (no ring)
Stlth    ++++......             (no ring)
HPRegen  0.13/turn              (no ring)
MPRegen  0.13/turn              (no ring)
                                (no ring)
                                (no ring)

@: attractive
A: almost no armour, stealthy swim, amphibious, 8 rings, constrict 8, camouflage
1, gelatinous body 1
a: Renounce Religion


You were on level 5 of the Dungeon.
You worshipped Sif Muna.
Sif Muna was noncommittal.
You visited 2 branches of the dungeon, and saw 6 of its levels.

You collected 151 gold pieces.

Inventory:

Hand Weapons
 b - a +0 dagger (weapon)
   (You took it off a kobold on level 1 of the Dungeon)
Jewellery
 l - a ring of protection from magic (right tentacle)
   (You found it on level 4 of the Dungeon)
 n - a ring of positive energy (left tentacle)
   (You found it on level 2 of the Dungeon)
 u - an amulet of the acrobat (around mantle)
   (You found it on level 4 of the Dungeon)
Wands
 c - a wand of disintegration (13)
   (You found it on level 4 of the Dungeon)
 q - a wand of polymorph (9)
   (You found it on level 4 of the Dungeon)
 t - a wand of flame (15)
   (You found it on level 2 of the Dungeon)
 x - a wand of acid (6)
   (You found it on level 3 of the Dungeon)
Scrolls
 a - 7 scrolls of identify {unknown}
 g - a scroll of amnesia {unknown}
 i - a scroll of remove curse {unknown}
 j - a scroll of enchant armour {unknown}
 k - a scroll of blinking {unknown}
 m - 2 scrolls of magic mapping {unknown}
 p - 2 scrolls of immolation {unknown}
 v - a scroll of teleportation {unknown}
Potions
 d - a potion of cancellation {unknown}
 e - a potion of degeneration {unknown}
 f - 2 potions of magic {unknown}
 h - a potion of brilliance {unknown}
 o - a potion of flight {unknown}
 r - 2 potions of attraction {!q}
 s - 3 potions of curing {@q1}
 w - a potion of lignification {unknown}


   Skills:
 + Level 3.8 Dodging
 + Level 5.3 Stealth
 + Level 3.6 Spellcasting
 * Level 6.3 Conjurations


You had 7 spell levels left.
You knew the following spells:

 Your Spells              Type           Power        Failure   Level
a - Magic Dart            Conj           ####         1%          1
b - Dazzling Flash        Conj/Hex       ###...       10%         3
s - Searing Ray           Conj           ####..       1%          2

Your spell library contained the following spells:

 Spells                   Type           Power        Failure   Level
 Fulminant Prism          Conj/Hex       ###.......   32%         4
 Iskenderun's Mystic Bla  Conj/Tloc      ###.....     32%         4


Dungeon Overview and Level Annotations

Branches:
Dungeon (5/15)             Temple (1/1) D:4

Altars:
Ashenzari
Cheibriados
Dithmenos
Elyvilon
Fedhas
Gozag
Kikubaaqudgha
Makhleb
Nemelex Xobeh
Qazlal
Ru
Sif Muna
Trog
Uskayaw
Vehumet
Wu Jian
Xom
Yredelemnul
The Shining One

Annotations:
D:4 Sigmund


Innate Abilities, Weirdness & Mutations

You cannot wear most types of armour.
You are very stealthy in the water. (Stealth+)
You are amphibious.
You can wear up to eight rings at the same time.
You can use your tentacles to constrict eight enemies at once.
Your skin changes colour to match your surroundings (Stealth+).
Your rubbery body absorbs attacks. (AC +1, EV +1)


Message History

* * * LOW HITPOINT WARNING * * *
It was a potion of curing.
You feel better. The centaur is pulled toward you!
The centaur unwields a +0 shortbow.
The centaur closely misses you.
The centaur unwields a +0 shortbow.
The centaur barely misses you.
The centaur is pulled toward you! x2; The orc is pulled toward you!
The centaur misses you. The centaur completely misses you.
The centaur closely misses you.
The centaur is pulled toward you! x2; The orc is pulled toward you!
The centaur misses you. The centaur closely misses you.
The centaur completely misses you. The centaur is pulled toward you!
The orc is pulled toward you! The centaur completely misses you.
The centaur hits you.
* * * LOW HITPOINT WARNING * * *
Aim: a centaur, quivering 7 arrows (heavily wounded)
The searing ray misses the centaur. (Press . to maintain the ray.)
A centaur opens the door.
The orc closely misses you.
The searing ray hits the centaur. x2; The centaur barely misses you.
The orc closely misses you.
The searing ray hits the centaur.
The centaur is pulled toward you! The centaur barely misses you.
The centaur hits you but does no damage.
The orc barely misses you. The centaur misses you.
The centaur is pulled toward you! x2; The centaur misses you.
The centaur hits you.
* * * LOW HITPOINT WARNING * * *
The centaur barely misses you. The centaur is pulled toward you!
The centaur is pulled toward you! x2; The orc is pulled toward you!
The centaur completely misses you. x4
The centaur is pulled toward you! x2; The orc is pulled toward you!
The centaur closely misses you. The centaur completely misses you.
Found a stone staircase leading down.
The centaur is pulled toward you! The orc is pulled toward you!
The centaur wields a +0 shortbow.
The centaur shoots an arrow.
The arrow barely misses you. The centaur completely misses you.
You see here an arrow.
The centaur is pulled toward you! The centaur barely misses you.
The orc misses you. The centaur is pulled toward you! The centaur misses you.
The centaur hits you.
* * * LOW HITPOINT WARNING * * *
Aim: a centaur, quivering 7 arrows (severely wounded)
The searing ray hits the centaur. (Press . to maintain the ray.)
The centaur hits you.
* * * LOW HITPOINT WARNING * * *
You feel better. The centaur hits you.
* * * LOW HITPOINT WARNING * * *
The centaur hits you!
You die...

#........#...((........
#........#...##.##....>
#........#..##...##...
#........#'.#.#...#.#
####'#........#:#...
#...#......#...#.#.. .
#...#......##...##....
#...#.......##c##.....
#...#.......@co.......
###'##'############...
#.................+
#.................#
#.................######
######....##...........#
######............#
#.#####'##...#
#......<.# ..#


You could see 2 centaurs and an orc.

Vanquished Creatures
  3 ogres
  A bullfrog zombie (D:5)
  A hound (D:4)
  2 worker ants (D:4)
  4 gnolls (D:4)
  6 adders
  2 oozes (D:2)
  2 worms (D:3)
  2 dart slugs (D:2)
  4 leopard geckos
  7 orcs
  3 giant cockroaches
  11 goblins
  6 hobgoblins
  4 jackals (D:4)
  9 kobolds
  2 quokkas
  8 bats
  10 frilled lizards
  A jackal skeleton (D:4)
  5 rats
93 creatures vanquished.

Notes
Turn   | Place    | Note
-------+----------+-------------------------------------------
     0 | D:1      | dmks the Octopode Conjurer began the quest for the Orb.
     0 | D:1      | Reached XP level 1. HP: 11/11 MP: 3/3
   258 | D:1      | Reached XP level 2. HP: 17/17 MP: 0/5
   262 | D:1      | Learned a level 2 spell: Searing Ray
   764 | D:1      | Reached XP level 3. HP: 21/21 MP: 3/6
  1620 | D:2      | Reached XP level 4. HP: 22/27 MP: 0/7
  3196 | D:3      | Found a bloodstained altar of Trog.
  3244 | D:3      | Found a sacrificial altar of Ru.
  3278 | D:3      | Found a basalt altar of Yredelemnul.
  3278 | D:3      | Found a stormy altar of Qazlal.
  3283 | D:3      | Found an ancient bone altar of Kikubaaqudgha.
  3284 | D:3      | Found an ornate altar of the Wu Jian Council.
  3393 | D:3      | Found a glowing golden altar of the Shining One.
  3633 | D:3      | Found a faded altar of an unknown god.
  3635 | D:3      | Reached skill level 5 in Conjurations
  3687 | D:3      | Reached XP level 5. HP: 31/31 MP: 4/9
  4191 | D:4      | Found a sacrificial altar of Ru.
  4231 | D:4      | Learned a level 3 spell: Dazzling Flash
  4463 | D:4      | Found a staircase to the Ecumenical Temple.
  4469 | D:4      | Noticed an ogre
  4488 | Temple   | Entered the Ecumenical Temple
  4564 | Temple   | Became a worshipper of Sif Muna the Loreminder
  4850 | D:4      | Reached XP level 6. HP: 36/36 MP: 7/10
  5118 | D:4      | Noticed Sigmund
  5236 | D:4      | Reached skill level 5 in Stealth
  5236 | D:4      | Reached skill level 6 in Conjurations
  5236 | D:4      | Reached XP level 7. HP: 41/41 MP: 7/12
  5359 | D:5      | Entered Level 5 of the Dungeon
  5515 | D:5      | HP: 2/41 [centaur/arrow (1)]
  5531 | D:5      | Slain by a centaur

Illustrated notes

Levels and vault maps discovered:
D:1:      wander_arrival_desolate, layout_basic, hex_intersection, minivault_23
D:2:      layout_loops_ring, roderic_serpentine_path, grunt_decor_resistance,
          minmay_misc_feat_rows, minmay_misc_feat_chi
D:3:      layout_loops_ring, lemuel_coloured_pillars_altar,
          nicolae_tso_carved_into_rock, grunt_temple_overflow_open,
          chequers_ecumenical_altar_island, nicolae_ru_sacrificial_ziggurat
D:4:      layout_basic, lemuel_round_altar, minmay_temple_entry_waves,
          uniq_sigmund
D:5:      layout_gridville, minmay_manual_mares
Temple:   nicolae_temple_hex_pool

Skill      XL: |  1  2  3  4  5  6 |
---------------+-------------------+-----
Stealth        | 3 4 5 |  5.3
Conjurations   | 5 6 |  6.3
Dodging        | 3 |  3.8
Spellcasting   | 3 |  3.6

Action                   |  1- 3 |  4- 6 |  7- 9 || total
-------------------------+-------+-------+-------++-------
Melee: Unarmed           |     4 |       |       ||     4
       Constrict         |     5 |     2 |       ||     7
       Tentacles         |     1 |     4 |       ||     5
       Dagger            |    11 |    12 |       ||    23
 Cast: Magic Dart        |    57 |    67 |       ||   124
       Searing Ray       |     2 |    21 |     8 ||    31
  Use: Potion            |       |       |     3 ||     3
Armor: Skin              |     3 |     1 |     1 ||     5
Dodge: Dodged            |    20 |    18 |    29 ||    67

Table legend: (Time is in decaauts)
 A = Elapsed time spent in this place.
 B = Non-inter-level travel time spent in this place.
 C = Inter-level travel time spent in this place.
 D = Time resting spent in this place.
 E = Time spent auto-exploring this place.
 F = Levels seen in this place.
 G = Mean time per level.
                   A        B        C        D        E       F      G
               +--------+--------+--------+--------+--------+-----+--------+
         Total |   5529 |   5441 |     88 |    866 |   3894 |   6 |  921.5 |
       Dungeon |   5374 |   5286 |     88 |    866 |   3770 |   5 | 1074.8 |
        Temple |    155 |    155 |      0 |      0 |    124 |   1 |  155.0 |
               +--------+--------+--------+--------+--------+-----+--------+

Top non-repeatable levels by time:
     D:2: 1490 daAuts
     D:1: 1474 daAuts
     D:3: 1186 daAuts
     D:4: 1050 daAuts
     D:5: 171 daAuts
  Temple: 155 daAuts
